 Dungeon Crawl Stone Soup version 0.20.1-1-g8b1a95d (webtiles) character file.

2542 fili the Martial Artist (level 9, -1/40 HPs)
             Began as a Vine Stalker Transmuter on Oct 28, 2017.
             Was a Follower of Makhleb.
             Slain by a killer bee (3 damage)
             ... on level 8 of the Dungeon on Nov 3, 2017.
             The game lasted 01:45:52 (7254 turns).

fili the Martial Artist (Vine Stalker Transmuter)   Turns: 7254, Time: 01:45:53

Health: -1/40      AC:  4    Str: 13    XL:     9   Next: 55%
Magic:  0/13       EV: 12    Int: 16    God:    Makhleb [*.....]
Gold:   336        SH:  0    Dex: 15    Spells: 2/12 levels left

rFire    . . .     SeeInvis .     - Unarmed
rCold    . . .     Gourm    .   (no shield)
rNeg     . . .     Faith    .   f - +0 leather armour
rPois    .         Spirit   +   (no helmet)
rElec    .         Reflect  .   i - scarf {repulsion}
rCorr    .         Harm     .   q - +0 pair of gloves
MR       +....                  (boots currently unavailable)
Stlth    ++........             (no amulet)
Regen    0.6/turn               (no ring)
MPRegen  0.2/turn               (no ring)

@: lethally poisoned (-1 -> -5), appendage, repel missiles
A: fangs 3, talons 3, regeneration 1, magic shield, antimagic bite, no potion
heal 3, rot immunity
a: End Transformation, Renounce Religion


You were on level 8 of the Dungeon.
You worshipped Makhleb.
Makhleb was aware of your devotion.
You were not hungry.
You had grown temporary talons.
You visited 2 branches of the dungeon, and saw 9 of its levels.

You collected 336 gold pieces.

Inventory:

Hand Weapons
 b - a +5 hunting sling
 K - a +0 blowgun
Missiles
 a - 100 arrows
 g - 191 stones (quivered)
 h - 52 poisoned needles
 n - 11 tomahawks
 s - 35 sling bullets
Armour
 f - a +0 leather armour (worn)
 i - a scarf of repulsion (worn)
 q - a +0 pair of gloves (worn)
 u - a +0 robe
 x - a +0 shield
Jewellery
 F - the amulet "Deogat" {Faith rElec rPois rF-}
   (You found it on level 6 of the Dungeon)

   [amulet of faith]

   It allows you to gain divine favour quickly.
   It makes you vulnerable to fire.
   It insulates you from electricity.
   It protects you from poison.
 G - an uncursed ring of ice
Wands
 B - a wand of digging (9/24)
 I - a wand of polymorph (15/24)
 M - a wand of flame (27/48)
 N - a wand of random effects (24/48)
Scrolls
 e - a scroll of fear
 j - 2 scrolls of remove curse
 y - a scroll of amnesia
 z - a scroll of teleportation
 A - 2 scrolls of blinking
 C - a scroll of noise
 H - a scroll of identify
Potions
 l - a potion of mutation
 m - a potion of lignification
 p - a potion of might
 t - 2 potions of curing
 P - a potion of magic
Books
 c - a book of Changes

   Spells                             Type                      Level
   a - Beastly Appendage              Transmutation                1
   b - Sticks to Snakes               Transmutation                2
   c - Spider Form                    Transmutation/Poison         3
   d - Ice Form                       Ice/Transmutation            4
   e - Blade Hands                    Transmutation                5
 w - a book of Conjurations

   Spells                             Type                      Level
   a - Magic Dart                     Conjuration                  1
   b - Searing Ray                    Conjuration                  2
   c - Dazzling Spray                 Conjuration/Hexes            3
   d - Fulminant Prism                Conjuration/Hexes            4
   e - Force Lance                    Conjuration/Translocation    4
   f - Iskenderun's Mystic Blast      Conjuration                  4
Comestibles
 d - 4 bread rations
 k - 8 fruits
 r - 4 meat rations
 v - 3 royal jellies


   Skills:
 - Level 0.8 Fighting
 - Level 1.0(1.1) Slings
 - Level 0.8(1.1) Throwing
 - Level 0.2 Armour
 - Level 1.5 Dodging
 - Level 1.0 Stealth
 * Level 11.5 Unarmed Combat
 - Level 2.1 Spellcasting
 + Level 5.4 Transmutations


You had 2 spell levels left.
You knew the following spells:

 Your Spells              Type           Power        Failure   Level  Hunger
a - Beastly Appendage     Tmut           ###...       2%          1    #......
s - Sticks to Snakes      Tmut           ###.....     4%          2    ###....
F - Ice Form              Ice/Tmut       ##......     63%         4    #####..
S - Spider Form           Tmut/Pois      ##........   26%         3    ###....


Dungeon Overview and Level Annotations

Branches:
Dungeon (8/15)             Temple (1/1) D:5
   Lair: D:8-11

Altars:
Ashenzari
Cheibriados
Dithmenos
Elyvilon
Fedhas
Gozag
Hepliaklqana
Kikubaaqudgha
Makhleb
Nemelex Xobeh
Okawaru
Qazlal
Ru
Sif Muna
Trog
Uskayaw
Vehumet
Xom
Yredelemnul
Zin
The Shining One

Annotations:
D:1 exclusion: downstairs
D:2 exclusion: downstairs, Sigmund
D:4 exclusion: downstairs
D:6 exclusion: downstairs
D:7 1 runed door, exclusions: door and downstairs
D:8 1 exclusion


Innate Abilities, Weirdness & Mutations

You have razor-sharp teeth.
Your natural rate of healing is unusually fast.
When hurt, damage is shared between your health and your magic reserves.
Your bite disrupts and absorbs the magic of your enemies.
Potions cannot restore your health.
You are immune to rotting.
You have claws for feet.


Message History

You are too injured to fight recklessly!
You are too injured to fight recklessly!
You are too injured to fight recklessly!
You barely miss the killer bee.
The killer bee is lightly wounded.
The killer bee stings you. x2
You are poisoned.
The killer bee poisons you!
Something stings the plant!
The killer bee stings you!
You miss the killer bee. Your kick misses the killer bee.
The killer bee is lightly wounded.
You feel sick. The killer bee barely misses you. The killer bee stings you!
* * * LOW HITPOINT WARNING * * *
The killer bee stings you.
* * * LOW HITPOINT WARNING * * *
You are lethally poisoned!
The killer bee poisons you!
* * * LOW HITPOINT WARNING * * *
You feel sick. The killer bee stings you.
You die...

#... ...+
#####... ....+
#....... ....
#......#.gPP♣
#..$...#..♣P♣
.#......#.PP♣
...........♣P♣#
#%
#....ryy$PPPP#
.#
#.>...@#.....#
. ........#
....# .#.......
PP♣# #$.....#.
♣♣ ########..
#. .. ..


PP. ♣♣# You could see 2 killer bees, a quokka and a hobgoblin.

Vanquished Creatures
  Prince Ribbit (D:7)
  A hippogriff (D:7)
  A black bear (D:8)
  A sky beast (D:5)
  A phantom (D:6)
  3 ogres
  A centaur (D:7)
  2 big kobolds
  Blork the orc (D:5)
  3 bullfrogs
  A scorpion (D:5)
  A killer bee (D:8)
  5 wights (D:7)
  4 howler monkeys
  2 crimson imps
  2 jellies (D:7)
  2 hounds (D:7)
  6 iguanas
  An orc wizard (D:3)
  5 worker ants
  2 howler monkey zombies
  8 adders
  A shadow imp (D:6)
  An ooze (D:3)
  3 worms
  2 dart slugs
  A leopard gecko (D:3)
  15 orcs
  4 bats (D:1)
  5 giant cockroaches
  6 goblins
  4 hobgoblins
  11 jackals
  A quokka (D:5)
  6 frilled lizards
  14 kobolds
  2 leopard gecko zombies (D:6)
  7 rats
137 creatures vanquished.

Notes
Turn   | Place    | Note
-------+----------+-------------------------------------------
     0 | D:1      | fili the Vine Stalker Transmuter began the quest for the Orb.
     0 | D:1      | Reached XP level 1. HP: 9/9 MP: 4/4
   306 | D:1      | Reached XP level 2. HP: 9/14 MP: 4/6
  1026 | D:1      | Reached XP level 3. HP: 17/17 MP: 5/7
  1052 | D:1      | Reached skill level 4 in Unarmed Combat
  1301 | D:2      | Noticed Sigmund
  1453 | D:2      | Found a shadowy altar of Dithmenos.
  2281 | D:3      | Gained mutation: Your natural rate of healing is unusually fast. [Vine Stalker growth]
  2281 | D:3      | Reached XP level 4. HP: 20/21 MP: 8/8
  2480 | D:3      | Reached skill level 1 in Stealth
  2526 | D:3      | Found a blossoming altar of Fedhas.
  2627 | D:3      | Reached skill level 5 in Unarmed Combat
  2627 | D:3      | Reached XP level 5. HP: 19/25 MP: 7/9
  3237 | D:4      | Found a shimmering altar of Xom.
  3243 | D:4      | Found a shimmering altar of Xom.
  3244 | D:4      | Found a shimmering altar of Xom.
  3428 | D:5      | Entered Level 5 of the Dungeon
  3520 | D:5      | Reached XP level 6. HP: 23/29 MP: 6/10
  3527 | D:5      | Noticed Blork the orc
  3638 | D:5      | Found a staircase to the Ecumenical Temple.
  3781 | D:5      | Reached skill level 1 in Slings
  3802 | Temple   | Entered the Ecumenical Temple
  4065 | Temple   | Became a worshipper of Makhleb the Destroyer
  4093 | D:5      | Reached skill level 6 in Unarmed Combat
  4254 | D:5      | Killed Blork the orc
  4254 | D:5      | Reached XP level 7. HP: 32/32 MP: 11/11
  4276 | D:5      | Reached skill level 7 in Unarmed Combat
  4609 | D:6      | Reached skill level 8 in Unarmed Combat
  4693 | D:6      | Gained mutation: You have razor-sharp teeth. [Vine Stalker growth]
  4693 | D:6      | Reached XP level 8. HP: 19/37 MP: 5/12
  4792 | D:6      | Got a faintly glowing garnet amulet
  4801 | D:6      | Identified the amulet "Deogat" {Faith rElec rPois rF-} (You found it on level 6 of the Dungeon)
  5471 | D:7      | Reached skill level 9 in Unarmed Combat
  5480 | D:7      | Noticed a hippogriff
  5482 | D:7      | Noticed Prince Ribbit
  5757 | D:7      | Killed a hippogriff
  5947 | D:7      | Reached * piety under Makhleb
  6188 | D:7      | Reached skill level 10 in Unarmed Combat
  6324 | D:6      | Reached XP level 9. HP: 38/40 MP: 13/13
  6349 | D:6      | Learned a level 2 spell: Sticks to Snakes
  6353 | D:6      | Learned a level 3 spell: Spider Form
  6358 | D:6      | Learned a level 4 spell: Ice Form
  6429 | D:7      | Reached skill level 5 in Transmutations
  6529 | D:7      | Found a runed door.
  6719 | D:7      | Killed Prince Ribbit
  6719 | D:7      | Reached skill level 11 in Unarmed Combat
  6999 | D:8      | Found an ancient bone altar of Kikubaaqudgha.
  7254 | D:8      | HP: 2/40 [poisoned by a killer bee]
  7254 | D:8      | Slain by a killer bee

Skill      XL: |  1  2  3  4  5  6  7  8  9 |
---------------+----------------------------+-----
Unarmed Combat | 4 5 6 8 10 11 | 11.5
Stealth        | 1 |  1.0
Slings         | 1 |  1.0
Transmutations | 3 4 5 |  5.4
Fighting       | |  0.8
Throwing       | |  0.8
Armour         | |  0.2
Dodging        | |  1.5
Spellcasting   | |  2.1

Action                   |  1- 3 |  4- 6 |  7- 9 || total
-------------------------+-------+-------+-------++-------
Melee: Unarmed           |   115 |   110 |   168 ||   393
       Bite              |    31 |    23 |    40 ||    94
       Headbutt          |     6 |    10 |    13 ||    29
       Kick              |     3 |    14 |    11 ||    28
       Punch             |     1 |     1 |    10 ||    12
 Fire: Hunting sling     |       |    34 |    94 ||   128
Throw: Stone             |    64 |    15 |    18 ||    97
 Cast: Beastly Appendage |    15 |    16 |    27 ||    58
  Use: Scroll            |     2 |     5 |     7 ||    14
       Potion            |       |     1 |     6 ||     7
 Stab: Sleeping          |     1 |       |     1 ||     2
  Eat: Chunk             |     1 |     3 |     9 ||    13
       Fruit             |     1 |       |     1 ||     2
       Bread ration      |     1 |       |       ||     1
       Royal jelly       |       |     1 |       ||     1
Armor: Robe              |    19 |       |       ||    19
       Leather armour    |     5 |    17 |    36 ||    58
Dodge: Dodged            |    91 |    53 |   137 ||   281
       Deflected         |       |     2 |    14 ||    16
